 Dungeon Crawl Stone Soup version 0.31-a0-691-g409c26aa35 (webtiles) character file.

Game seed: 11368897819278826348

60 lunkers the Insei (level 4, -1/35 HPs)
             Began as a Meteoran Shapeshifter on Sept 6, 2023.
             Slain by an orc
             ... wielding a +0 hand axe
              (7 damage)
             ... on level 3 of the Dungeon.
             The game lasted 00:01:18 (723 turns).

lunkers the Insei (Meteoran Shapeshifter)            Turns: 723, Time: 00:01:18

Health: -1/35      AC:  2    Str: 15    XL:     4   Next: 50%
Magic:  5/5        EV: 12    Int: 11    God:
Gold:   51         SH:  0    Dex: 16    Spells: 3/3 levels left

rFire   . .          .
                       - Unarmed
rCold   . . .        (no shield)
rNeg    . . .        a - +0 animal skin
rPois   .            (helmet currently unavailable)
rElec   .            (cloak currently unavailable)
rCorr   .            (gloves currently unavailable)
SInv    .            (boots currently unavailable)
Will    .....        (no amulet)
Stlth   +            (no ring)
HPRegen 0.25/turn    (no ring)
MPRegen 0.09/turn

%: no passive effects
@: beast-form, glowing
A: beast (slay +2), sense surroundings 1, otherworldly, glowing, explore regen
a: Begin Untransformation


You were on level 3 of the Dungeon.
You were a hulking beast.
You visited 1 branch of the dungeon, and saw 3 of its levels.

You collected 51 gold pieces.

Inventory:

Armour
 a - a +0 animal skin (worn)
Jewellery
 m - an amulet of faith
Talismans
 c - a beast talisman (active)
 d - a flux talisman
Scrolls
 f - 2 scrolls of identify {unknown}
 g - 3 scrolls of poison {unknown}
 h - a scroll of teleportation {unknown}
 j - a scroll of immolation {unknown}
 k - a scroll of revelation {unknown}
 l - a scroll of enchant weapon {unknown}
 o - a scroll of enchant armour {unknown}
 s - a scroll of fear {unknown}
Potions
 b - a potion of lignification
 e - 2 potions of cancellation {unknown}
 i - a potion of might {unknown}
 n - a potion of mutation {unknown}
 p - a potion of curing {unknown}
 q - 2 potions of attraction {unknown}
 r - a potion of degeneration {unknown}


   Skills:
 - Level 1.1 Fighting
 - Level 2.1 Dodging
 * Level 5.2 Unarmed Combat
 + Level 4.3 Shapeshifting


You had 3 spell levels left.
You didn't know any spells.
Your spell library was empty.

Dungeon Overview and Level Annotations

Branches:
Dungeon (3/15) Zot: 1081

Altars:


Innate Abilities, Weirdness & Mutations

You are a hulking beast.
Your limbs bulge with bestial killing power. (Slay +2)
You passively map a small area around you.
You are easily found by Zot.
You glow in the dark.
You regain HP and MP as you explore.


Message History

An orc comes into view. It is wielding a +0 hand axe.
The orc shouts!
You hear a shout!
An orc comes into view. It is wielding a +0 trident.
The orc shouts!
A gnoll comes into view. It is wielding a +0 club.
An orc comes into view. It is wielding a +0 hand axe.
An orc comes into view.
It is wielding a +1 dagger of holy wrath.
A gnoll comes into view. It is wielding a +0 halberd.
The gnoll shouts!
A gnoll comes into view. It is wielding a +0 whip.
You hit the orc.
The orc is severely wounded.
You closely miss the orc.
The orc is severely wounded.
You hit the orc.
You kill the orc!
The orc closely misses you.
You hit the dart slug.
The dart slug is lightly wounded.
The orc barely misses you.
You hit the dart slug.
The dart slug is heavily wounded.
The dart slug bites you but does no damage.
You barely miss the dart slug. You punch the dart slug.
The dart slug is almost dead.
The orc closely misses you. The orc hits you with a +0 hand axe.
You punch the dart slug!
You kill the dart slug!
The orc misses you. The orc hits you with a +0 hand axe.
The orc barely misses you.
You punch the gnoll!
The gnoll is severely wounded.
The gnoll hits you from afar with a +0 halberd!
* * * LOW HITPOINT WARNING * * *
The orc hits you with a +0 hand axe.
* * * LOW HITPOINT WARNING * * *
The orc misses you. The orc hits you with a +0 hand axe.
* * * LOW HITPOINT WARNING * * *
The gnoll closely misses you. The orc hits you with a +0 hand axe!
You die...

##.## #.# #.#
*#+# #.# *
#.#### * , ,
###.##.## *
#.......####<..
,, *
#.#............
, +
#.#.#...###....
, # #.##h## *
.. * #..g.o# ,
,#.##go#
#.##o.# ,
,...go.# , ....
, *.##.#.* * *
*. ... #. *## #
,


You could see 3 gnolls and 4 orcs.

Vanquished Creatures
  2 adders (D:2)
  2 dart slugs
  An orc (D:3)
  2 bats (D:2)
  6 endoplasms (D:1)
  A giant cockroach (D:1)
  3 goblins
  3 hobgoblins
  8 ball pythons
  2 frilled lizards
  A kobold (D:2)
  3 rats
34 creatures vanquished.

Notes
Turn   | Place    | Note
-------+----------+-------------------------------------------
     0 | D:1      | lunkers the Meteoran Shapeshifter began the quest for the
                  | Orb.
     0 | D:1      | Reached XP level 1. HP: 16/16 MP: 2/2
    39 | D:1      | Reached XP level 2. HP: 23/23 MP: 3/3
    58 | D:1      | Reached skill level 4 in Unarmed Combat
   163 | D:1      | Reached XP level 3. HP: 28/28 MP: 4/4
   301 | D:2      | Found a faded altar of an unknown god.
   369 | D:2      | Reached XP level 4. HP: 35/35 MP: 5/5
   538 | D:2      | Reached skill level 5 in Unarmed Combat
   723 | D:3      | Slain by an orc

Illustrated notes

Levels and vault maps discovered:
D:1:      minmay_arrival_stone_box, layout_basic, minivault_26,
          reono_crystal_passage
D:2:      layout_loops_ring, dreamdust_ecumenical_altar_statues,
          minmay_misc_feat_room
D:3:      cheibrodos_pilgrimage, layout_loops_corners,
          nicolae_gozag_cash_rules_everything_around_me,
          mainiacjoe_overflow_catwalk_spiral

Skill      XL: |  1  2  3  4 |
---------------+-------------+-----
Unarmed Combat | 4 5 |  5.2
Shapeshifting  | 4 |  4.3
Fighting       | |  1.1
Dodging        | |  2.1

Action                     |  1- 3 |  4- 6 || total
---------------------------+-------+-------++-------
  Melee: Unarmed           |    49 |    16 ||    65
         Punch             |     1 |     2 ||     3
 Armour: Animal skin       |    20 |    10 ||    30
  Dodge: Dodged            |    32 |     9 ||    41

Table legend: (Time is in decaauts)
 A = Elapsed time spent in this place.
 B = Non-inter-level travel time spent in this place.
 C = Inter-level travel time spent in this place.
 D = Time resting spent in this place.
 E = Time spent auto-exploring this place.
 F = Levels seen in this place.
 G = Mean time per level.
                   A        B        C        D        E       F      G
               +--------+--------+--------+--------+--------+-----+--------+
         Total |    717 |    675 |     42 |      0 |    421 |   3 |  239.0 |
       Dungeon |    717 |    675 |     42 |      0 |    421 |   3 |  239.0 |
               +--------+--------+--------+--------+--------+-----+--------+

Top non-repeatable levels by time:
     D:2: 407 daAuts
     D:1: 256 daAuts
     D:3: 54 daAuts
